 Dungeon Crawl Stone Soup version 0.28.0-1-gb440e238dd (webtiles) character file.

Game seed: 413439247822722690

207 Ablot the Grasshopper (level 5, -4/43 HPs)
             Began as a Gnoll Warper on Feb 24, 2022.
             Was an Initiate of Okawaru.
             Slain by an orc warrior (14 damage)
             ... on level 4 of the Dungeon.
             The game lasted 00:05:32 (4335 turns).

Ablot the Grasshopper (Gnoll Warper)                Turns: 4335, Time: 00:05:32

Health: -4/43      AC:  4    Str: 12    XL:     5   Next: 85%
Magic:  12/12      EV: 17    Int: 13    God:    Okawaru [......]
Gold:   147        SH:  0    Dex: 11    Spells: 12/14 levels left

rFire   . . .      SeeInvis .   t - +0 short sword (venom)
rCold   . . .      Faith    .   (no shield)
rNeg    . . .      Spirit   .   b - +0 leather armour
rPois   .          Reflect  .   (no helmet)
rElec   .          Harm     .   (no cloak)
rCorr   .          Rampage  .   l - +0 pair of gloves
Will    .....                   (no boots)
Stlth   +.........              (no amulet)
HPRegen 0.14/turn               i - +4 ring of evasion
MPRegen 0.13/turn               (no ring)

@: no status effects
A: fangs 1, strong nose, distributed training
a: Renounce Religion


You were on level 4 of the Dungeon.
You worshipped Okawaru.
Okawaru was noncommittal.
You visited 2 branches of the dungeon, and saw 6 of its levels.

You collected 147 gold pieces.

Inventory:

Hand Weapons
 a - a +0 spear
 t - a +0 short sword of venom (weapon)
Missiles
 d - 5 boomerangs of dispersal
 e - 152 stones
 n - 17 poisoned darts (quivered)
 p - 5 atropa-tipped darts
 s - 37 sling bullets
 u - 4 curare-tipped darts
 w - 94 bolts
 y - 20 arrows
Armour
 b - a +0 leather armour (worn)
 f - a +2 kite shield
 l - a +0 pair of gloves (worn)
Jewellery
 i - a +4 ring of evasion (left hand)
Wands
 v - a wand of mindburst (9)
Scrolls
 c - a scroll of blinking
 g - a scroll of holy word {unknown}
 j - 2 scrolls of enchant weapon {unknown}
 m - 2 scrolls of amnesia {unknown}
 o - 4 scrolls of identify {unknown}
 r - a scroll of fog {unknown}
 x - a scroll of teleportation {unknown}
 z - a scroll of brand weapon {unknown}
Potions
 h - 2 potions of curing {unknown}
 k - a potion of might {unknown}
 q - a potion of lignification {unknown}


   Skills:
 + Level 4.8 Fighting
 + Level 1.6 Short Blades
 + Level 1.6 Long Blades
 + Level 1.6 Axes
 + Level 1.6 Maces & Flails
 + Level 4.8 Polearms
 + Level 1.6 Staves
 + Level 1.6 Slings
 + Level 1.6 Bows
 + Level 1.6 Crossbows
 + Level 3.1 Throwing
 + Level 3.1 Armour
 + Level 4.8 Dodging
 + Level 1.6 Stealth
 + Level 1.6 Shields
 + Level 1.6 Unarmed Combat
 + Level 5.2 Spellcasting
 + Level 1.3 Conjurations
 + Level 1.3 Hexes
 + Level 1.3 Summonings
 + Level 1.3 Necromancy
 + Level 5.6 Translocations
 + Level 1.3 Transmutations
 + Level 1.3 Fire Magic
 + Level 1.3 Ice Magic
 + Level 1.3 Air Magic
 + Level 1.3 Earth Magic
 + Level 1.3 Poison Magic
 + Level 1.9 Invocations
 + Level 1.6 Evocations


You had 12 spell levels left.
You knew the following spells:

 Your Spells              Type           Power      Damage    Failure   Level
a - Blink                 Tloc           36%        N/A       3%          2

Your spell library contained the following spells:

 Spells                   Type           Power      Damage    Failure   Level
 Gell's Gravitas          Tloc           18%        N/A       7%          3
 Lesser Beckoning         Tloc           18%        N/A       7%          3
 Teleport Other           Tloc           18%        N/A       7%          3
 Shock                    Conj/Air       24%        1d4       14%         1
 Swiftness                Air            6%         N/A       38%         3
 Manifold Assault         Tloc           18%        N/A       54%         5
 Airstrike                Air            3%         N/A       80%         4
 Dispersal                Tloc           9%         N/A       98%         6
 Disjunction              Tloc           9%         N/A       100%        8


Dungeon Overview and Level Annotations

Branches:
Dungeon (5/15)             Temple (1/1) D:4

Altars:
Ashenzari
Cheibriados
Dithmenos
Gozag
Hepliaklqana
Kikubaaqudgha
Makhleb
Nemelex Xobeh
Okawaru
Qazlal
Ru
Sif Muna
Trog
Vehumet
Wu Jian
Xom
Yredelemnul
Zin

Shops:
D:5 (


Innate Abilities, Weirdness & Mutations

You have very sharp teeth.
Your uncanny sense of smell can sniff out nearby items.
Your experience applies equally to all skills.


Message History

Press: ? - help, Q - select action, (/) - cycle Shift-Dir - straight line, f/p - orc warrior
Aim: an orc warrior, wielding a +0 dire flail and wearing a +0 plate armour (59% to hit)
You throw a poisoned dart. The poisoned dart hits the orc warrior.
The orc warrior is poisoned.
You barely miss the orc warrior.
The orc warrior hits you with a +0 dire flail!!
You hit the orc warrior but do no damage.
The orc warrior looks even sicker.
The orc warrior is lightly wounded.
The orc warrior closely misses you.
You closely miss the orc warrior.
The orc warrior is lightly wounded.
You feel stable enough to blink again. The orc warrior closely misses you.
The orc warrior completely misses you.
You hit the orc warrior but do no damage.
The orc warrior looks as sick as possible!
The orc warrior is moderately wounded.
The orc warrior hits you with a +0 dire flail.
Unknown command.
You see here a +0 dagger.
You hit the orc warrior but do no damage.
The orc warrior looks even sicker.
The orc warrior is severely wounded.
The orc warrior hits you with a +0 dire flail!
* * * LOW HITPOINT WARNING * * *
Unknown command.
There is an open door here.
The orc hits you with a +0 flail.
* * * LOW HITPOINT WARNING * * *
Throw: 18 darts (poison)
Press: ? - help, Q - select action, (/) - cycle Shift-Dir - straight line, f/p - orc warrior
Aim: an orc warrior, wielding a +0 dire flail and wearing a +0 plate armour (severely wounded, poisoned, 59% to hit)
You throw a poisoned dart. The poisoned dart hits the orc warrior.
The orc warrior looks even sicker.
The orc warrior is severely wounded.
You barely miss the orc warrior.
The orc warrior is severely wounded.
The orc warrior hits you with a +0 dire flail!
You die...

#.##.........#
#.##..o......#
#.##.........#
#.####o#######
#...##..o....##
#.#.##..o.....#
#.#.##...(....# ######
###.......o...#########.....
#..###...@.........)'.....
#.......###.###.#####.....
#....(.>..................
######.###.........####.##
#(# #.........#....# #.#
#.........#.##### ..#
#.........#...... ..#
#.........####### o..#
#.............#..


You could see an orc warrior (very poisoned) and 3 orcs.

Vanquished Creatures
  A water moccasin skeleton (D:4)
  A hound (D:3)
  Terence (D:3)
  2 adders
  An adder skeleton (D:4)
  A worm (D:3)
  2 dart slugs
  12 orcs
  4 endoplasms
  A giant cockroach (D:1)
  2 goblins
  7 hobgoblins
  5 jackals
  4 quokkas
  4 ball pythons
  4 bats
  A frilled lizard (D:1)
  6 kobolds
  4 rats
63 creatures vanquished.

Notes
Turn   | Place    | Note
-------+----------+-------------------------------------------
     0 | D:1      | Ablot the Gnoll Warper began the quest for the Orb.
     0 | D:1      | Reached XP level 1. HP: 20/20 MP: 6/6
   246 | D:1      | Reached XP level 2. HP: 26/26 MP: 7/7
   257 | D:1      | Learned a level 2 spell: Blink
   969 | D:1      | Reached XP level 3. HP: 31/31 MP: 9/9
  1060 | D:1      | Reached skill level 5 in Spellcasting
  1077 | D:1      | Found a faded altar of an unknown god.
  2088 | D:2      | Reached skill level 1 in Invocations
  2269 | D:3      | Reached skill level 1 in Short Blades
  2269 | D:3      | Reached skill level 1 in Long Blades
  2269 | D:3      | Reached skill level 1 in Axes
  2269 | D:3      | Reached skill level 1 in Maces & Flails
  2269 | D:3      | Reached skill level 1 in Staves
  2269 | D:3      | Reached skill level 1 in Slings
  2269 | D:3      | Reached skill level 1 in Bows
  2269 | D:3      | Reached skill level 1 in Crossbows
  2269 | D:3      | Reached skill level 1 in Stealth
  2269 | D:3      | Reached skill level 1 in Shields
  2269 | D:3      | Reached skill level 1 in Unarmed Combat
  2269 | D:3      | Reached skill level 1 in Evocations
  2373 | D:3      | Noticed Terence
  2388 | D:3      | Killed Terence
  2389 | D:3      | Reached XP level 4. HP: 37/38 MP: 9/11
  2412 | D:3      | Reached skill level 1 in Conjurations
  2412 | D:3      | Reached skill level 1 in Hexes
  2412 | D:3      | Reached skill level 1 in Summonings
  2412 | D:3      | Reached skill level 1 in Necromancy
  2412 | D:3      | Reached skill level 1 in Transmutations
  2412 | D:3      | Reached skill level 1 in Fire Magic
  2412 | D:3      | Reached skill level 1 in Ice Magic
  2412 | D:3      | Reached skill level 1 in Air Magic
  2412 | D:3      | Reached skill level 1 in Earth Magic
  2412 | D:3      | Reached skill level 1 in Poison Magic
  2569 | D:3      | Reached XP level 5. HP: 33/43 MP: 12/12
  3226 | D:4      | Found a staircase to the Ecumenical Temple.
  3266 | Temple   | Entered the Ecumenical Temple
  3584 | Temple   | Became a worshipper of Warmaster Okawaru
  4191 | D:4      | Noticed an orc warrior
  4223 | D:5      | Entered Level 5 of the Dungeon
  4223 | D:5      | Found Cuskuin's Weapon Emporium.
  4335 | D:4      | Slain by an orc warrior

Illustrated notes

Levels and vault maps discovered:
D:1:      dpeg_arrival_refuge, layout_basic, shapermc_ecumenical_altar_petra
D:2:      layout_basic
D:3:      layout_rooms, grunt_ministairs_13, uniq_terence
D:4:      layout_basic, temple_pool_b, minmay_between
D:5:      layout_loops_cross, serial_shops, shop, kennysheep_little_box,
          nicolae_shop_behind_doors, roderic_roman_lattice
Temple:   compressed_dpeg_circular_temple

Skill      XL: |  1  2  3  4  5 |
---------------+----------------+-----
Spellcasting   | 5 |  5.2
Invocations    | 1 |  1.9
Short Blades   | 1 |  1.6
Long Blades    | 1 |  1.6
Axes           | 1 |  1.6
Maces & Flails | 1 |  1.6
Staves         | 1 |  1.6
Slings         | 1 |  1.6
Bows           | 1 |  1.6
Crossbows      | 1 |  1.6
Stealth        | 1 |  1.6
Shields        | 1 |  1.6
Unarmed Combat | 1 |  1.6
Evocations     | 1 |  1.6
Conjurations   | 1 |  1.3
Hexes          | 1 |  1.3
Summonings     | 1 |  1.3
Necromancy     | 1 |  1.3
Transmutations | 1 |  1.3
Fire Magic     | 1 |  1.3
Ice Magic      | 1 |  1.3
Air Magic      | 1 |  1.3
Earth Magic    | 1 |  1.3
Poison Magic   | 1 |  1.3
Throwing       | 3 |  3.1
Armour         | 3 |  3.1
Fighting       | |  4.8
Polearms       | |  4.8
Dodging        | |  4.8
Translocations | |  5.6

Action                   |  1- 3 |  4- 6 || total
-------------------------+-------+-------++-------
Melee: Spear             |   133 |    88 ||   221
       Bite              |     7 |    14 ||    21
       Punch             |       |     1 ||     1
       Short sword       |       |    68 ||    68
Throw: Dart              |     4 |     3 ||     7
 Cast: Blink             |     1 |     1 ||     2
 Stab: Sleeping          |     1 |     1 ||     2
Armor: Leather armour    |    31 |    19 ||    50
Dodge: Dodged            |    90 |   110 ||   200
